[Event "Titled Tuesday Blitz July 6 2021"]
[White "TanitoluwaAps116"]
[Black "Gedajlovic, Max"]
[BlackFideId "2616840"]
[WhiteElo "2380"]
[BlackElo "2137"]
[Result "0-1"]
[Round "06"]
[TimeControl "180+1"]
[Date "2021.07.06"]
[WhiteClock "0:00:02"]
[BlackClock "0:00:33"]

1. d4 Nf6 2. Bf4 e6 3. Nf3 c5 4. e3 d5 5. Nbd2 cxd4 6. exd4 Nh5 7. Be3 Bd6 8. Ne5 Nf6 9. g4 Nc6 10. Bb5 Qb6 11. c4 dxc4 12. Bxc6+ bxc6 13. Ndxc4 Bb4+ 14. Kf1 Ba6 15. Qb3 Be7 16. Kg2 Qc7 17. Rhc1 Rb8 18. Qa4 Bb5 19. Qa5 Qb7 20. f3 Nd5 21. Bd2 f6 22. Nd3 O-O 23. b3 Rfd8 24. Re1 Nb6 25. Ndb2 Rxd4 26. Be3 Rd5 27. Rac1 Bxc4 28. Nxc4 Rxa5 29. Nxa5 Qd7 30. Nxc6 Rc8 31. Red1 Qe8 32. Nxe7+ Qxe7 33. Bxb6 Rxc1 34. Rxc1 axb6 35. Rc6 b5 36. Rb6 b4 37. Rb8+ Kf7 38. h3 e5 39. Rb5 Qd6 40. Rb7+ Kg6 41. h4 h5 42. Kh3 Qd5 0-1


[Site "https://www.chess.com"]

[Event "Titled Tuesday Blitz July 6 2021"]
[White "Tejedor Fuente, Enrique"]
[Black "Manukian, Artak"]
[WhiteFideId "2299100"]
[BlackFideId "13301373"]
[WhiteElo "2535"]
[BlackElo "2405"]
[Result "1-0"]
[Round "06"]
[TimeControl "180+1"]
[Date "2021.07.06"]
[WhiteClock "0:00:04"]
[BlackClock "0:00:03"]

1. e4 c6 2. c4 e5 3. d4 d6 4. dxe5 dxe5 5. Qxd8+ Kxd8 6. Nf3 f6 7. Be3 Be6 8. Nbd2 Nd7 9. O-O-O Kc7 10. Ne1 Bc5 11. Nc2 Ne7 12. Be2 g5 13. h4 h6 14. g3 Ng6 15. hxg5 hxg5 16. Nf3 Bxe3+ 17. Nxe3 Rxh1 18. Rxh1 Rh8 19. Rxh8 Nxh8 20. b4 Nf7 21. Kd2 Nd6 22. Bd3 c5 23. Kc3 cxb4+ 24. Kxb4 b6 25. Nd5+ Bxd5 26. cxd5 Nc5 27. Ne1 Ndxe4 28. Bxe4 Nxe4 29. Nd3 Kd6 30. Kc4 f5 31. a3 Nf6 32. Nb4 a5 33. Nc6 Nxd5 34. Nd8 Nc7 35. Nf7+ Ke6 36. Nxg5+ Kf6 37. Nf3 Ne6 38. Kd5 e4 39. Nd2 Nc5 40. Kc6 Nd3 41. Kxb6 Nxf2 42. Kxa5 e3 43. Nf3 Nd3 44. a4 e2 45. Kb6 e1=Q 46. Nxe1 Nxe1 47. a5 Nd3 48. a6 Ne5 49. a7 Nd7+ 50. Kb5 Ne5 51. a8=Q Kg5 52. Qd5 Ng4 53. Qd2+ Kf6 54. Qf4 Ne5 55. Qh4+ Ke6 56. Qh6+ Kd5 57. Qf6 Ke4 58. Ka5 Nc4+ 59. Kb4 Ne3 60. Kb3 Nf1 61. Qe6+ Kd4 62. Qxf5 Nxg3 63. Qf4+ Ne4 64. Ka2 Kd3 65. Qc1 Nc3+ 66. Kb3 Ne4 67. Qd1+ Ke3 68. Kc2 Nf2 69. Qe1+ Kf3 70. Qf1 Ke3 71. Qg2 Ne4 72. Qh3+ Kd4 73. Qh4 Ke3 74. Qg4 Nf2 75. Qe6+ Ne4 76. Qe5 Kf3 77. Kd3 Nf2+ 78. Kd4 Ng4 79. Qf5+ Kg3 80. Ke4 Nf2+ 81. Ke3 Ng4+ 82. Ke2 Nh2 83. Qf2+ Kh3 84. Qg1 1-0


[Site "https://www.chess.com"]

[Event "Titled Tuesday Blitz July 6 2021"]
[White "Terry, Renato"]
[Black "Zubritskiy, Artyom"]
[WhiteFideId "3803457"]
[BlackFideId "4181247"]
[WhiteElo "2581"]
[BlackElo "2559"]
[Result "0-1"]
[Round "06"]
[TimeControl "180+1"]
[Date "2021.07.06"]
[WhiteClock "0:00:04"]
[BlackClock "0:00:04"]

1. e4 c5 2. Nf3 d6 3. Bb5+ Nd7 4. d4 cxd4 5. Qxd4 e5 6. Qd3 h6 7. Be3 Nf6 8. Nc3 Be7 9. a4 O-O 10. O-O Qc7 11. Nd2 Nc5 12. Qe2 Be6 13. Bc4 Rac8 14. b3 Qa5 15. Bxc5 Qxc5 16. Rac1 Bd8 17. Ncb1 a6 18. Bxe6 fxe6 19. c4 Bb6 20. Nf3 Qb4 21. Qd3 Nd7 22. Rcd1 Rc6 23. Nbd2 Nc5 24. Qc2 Rc7 25. Rc1 Rcf7 26. Qc3 Ba5 27. Qe3 Rf4 28. h3 Bb6 29. Qe2 Nd7 30. Qd3 Qc5 31. Rb1 Qb4 32. Rbd1 Bc5 33. Rb1 g5 34. Qe2 Kg7 35. Kh1 Ba7 36. Rbd1 Nc5 0-1


[Site "https://www.chess.com"]

[Event "Titled Tuesday Blitz July 6 2021"]
[White "Tokman, Ariel"]
[Black "Timmermans, Mark"]
[WhiteFideId "117420"]
[BlackFideId "1026399"]
[WhiteElo "2345"]
[BlackElo "2460"]
[Result "0-1"]
[Round "06"]
[TimeControl "180+1"]
[Date "2021.07.06"]
[WhiteClock "0:00:04"]
[BlackClock "0:00:36"]

1. e4 e5 2. Nf3 Nc6 3. Bb5 f5 4. d3 fxe4 5. dxe4 Nf6 6. O-O d6 7. Nc3 Be7 8. Nd5 O-O 9. Bc4 Kh8 10. Nxe7 Qxe7 11. Bg5 Bg4 12. h3 Bh5 13. Qd3 h6 14. Bh4 g5 15. Bg3 Bxf3 16. Qxf3 Nd4 17. Qd3 Ne6 18. Bxe6 Qxe6 19. c4 a5 20. Rfe1 b6 21. b3 Kg7 22. a3 Ra7 23. Rac1 Rf7 24. b4 axb4 25. axb4 Rf8 26. c5 bxc5 27. bxc5 Nh5 28. cxd6 cxd6 29. Rc6 Rf6 30. Rd1 Nxg3 31. Qxg3 Rd7 32. f3 Qf7 33. Rdc1 Re6 34. Qg4 Rf6 35. Qg3 Re6 36. Rc8 d5 37. exd5 Rxd5 38. R8c7 Re7 39. R7c6 Rd4 40. Kh1 Qd5 41. Qe1 e4 42. fxe4 Rdxe4 43. Qc3+ Kh7 44. Rc8 Re3 45. Qh8+ Kg6 46. Rg8+ Kh5 47. Qb2 Re2 0-1


[Site "https://www.chess.com"]

[Event "Titled Tuesday Blitz July 6 2021"]
[White "Tologon tegin, Semetei"]
[Black "Svidler, Peter"]
[WhiteFideId "13800574"]
[BlackFideId "4102142"]
[WhiteElo "2224"]
[BlackElo "2743"]
[Result "0-1"]
[Round "06"]
[TimeControl "180+1"]
[Date "2021.07.06"]
[WhiteClock "0:00:02"]
[BlackClock "0:01:14"]

1. d4 Nf6 2. c4 g6 3. Nc3 d5 4. cxd5 Nxd5 5. e4 Nxc3 6. bxc3 Bg7 7. Bc4 c5 8. Ne2 Nc6 9. Be3 O-O 10. O-O Qc7 11. Rb1 Rd8 12. h3 b6 13. d5 Ne5 14. Bb3 Ba6 15. f4 Nc4 16. Bf2 e6 17. Bh4 Ne3 18. Qd2 Nxf1 19. Rxf1 c4 20. Ba4 exd5 21. Bxd8 Rxd8 22. exd5 Qc5+ 23. Kh1 Rxd5 24. Qe1 Bb7 25. Bc2 Rd8 26. f5 Qe5 27. Qh4 Rd2 28. fxg6 hxg6 29. Qxc4 Rxc2 30. Qxf7+ Kh7 31. Nf4 Qe4 32. Ne6 Qxg2# 0-1


[Site "https://www.chess.com"]

[Event "Titled Tuesday Blitz July 6 2021"]
[White "Tomiello, Lucas Costamilan"]
[Black "De Silva, L M S T"]
[WhiteFideId "22701940"]
[BlackFideId "9953698"]
[WhiteElo "1945"]
[BlackElo "1621"]
[Result "1-0"]
[Round "06"]
[TimeControl "180+1"]
[Date "2021.07.06"]
[WhiteClock "0:01:48"]
[BlackClock "0:00:56"]

1. e4 g6 2. d4 Bg7 3. Nc3 d6 4. h4 h6 5. h5 g5 6. f4 gxf4 7. Bxf4 Nc6 8. Nf3 Bg4 9. Be3 e5 10. dxe5 Nxe5 11. Be2 Bxf3 12. gxf3 Qd7 13. f4 Nc6 14. Qd2 O-O-O 15. Rg1 Bf6 16. Bg4 Qxg4 17. Rxg4 Nge7 18. O-O-O Kb8 19. Rdg1 Rhe8 20. Nd5 Nxd5 21. exd5 Ne7 22. Bd4 Nxd5 23. Bxa7+ Kxa7 24. Qxd5 Re6 25. Kb1 Rde8 26. a3 c5 27. f5 Re2 28. Ra4+ 1-0


[Site "https://www.chess.com"]

[Event "Titled Tuesday Blitz July 6 2021"]
[White "Torkkola, Henri"]
[Black "Flores Quillas, Diego Saul Rodri"]
[WhiteFideId "507660"]
[BlackFideId "3822508"]
[WhiteElo "2137"]
[BlackElo "2071"]
[Result "0-1"]
[Round "06"]
[TimeControl "180+1"]
[Date "2021.07.06"]
[WhiteClock "0:00:02"]
[BlackClock "0:00:11"]

1. d4 Nf6 2. Bf4 c5 3. e3 d5 4. Nf3 Nc6 5. Nbd2 Bf5 6. dxc5 e6 7. Nd4 Bg6 8. Bb5 Rc8 9. b4 Be7 10. O-O O-O 11. Nxc6 bxc6 12. Ba6 Rb8 13. Bxb8 Qxb8 14. c3 Nd7 15. Nb3 Qc7 16. Bd3 f5 17. a4 e5 18. f4 Bf6 19. Qd2 Re8 20. Rae1 h5 21. Qc2 exf4 22. exf4 Rxe1 23. Rxe1 Qxf4 24. g3 Qg5 25. Nd4 Ne5 26. b5 cxb5 27. axb5 h4 28. Kg2 hxg3 29. hxg3 Nxd3 30. Qxd3 f4 31. Qf3 Be4 32. Rxe4 dxe4 33. Qxe4 Qxc5 34. gxf4 Qxc3 35. Qd5+ Kf8 36. Ne6+ Ke7 37. f5 Qb2+ 38. Kf1 Qa1+ 39. Kg2 Qb2+ 40. Kf1 Kf7 41. Qb7+ Be7 42. Qd5 Kf6 43. Nc7 Qb1+ 44. Kg2 Qxf5 45. Qxf5+ Kxf5 46. Kf3 Bc5 47. Nd5 g5 48. Nc3 g4+ 49. Kg2 Kf4 50. Na4 Bd4 51. Kf1 Kf3 52. Ke1 g3 53. Kd2 g2 54. Kd3 g1=Q 0-1


[Site "https://www.chess.com"]

[Event "Titled Tuesday Blitz July 6 2021"]
[White "Tristan, Leonardo"]
[Black "Michailov, Matias"]
[WhiteFideId "113816"]
[BlackFideId "3001571"]
[WhiteElo "2404"]
[BlackElo "2231"]
[Result "1-0"]
[Round "06"]
[TimeControl "180+1"]
[Date "2021.07.06"]
[WhiteClock "0:00:23"]
[BlackClock "0:00:02"]

1. d4 Nf6 2. Bg5 Ne4 3. Bf4 d5 4. e3 Bf5 5. f3 Nf6 6. g4 Bg6 7. h4 h5 8. g5 Nfd7 9. Bd3 e6 10. Bxg6 fxg6 11. c4 c6 12. Nc3 Be7 13. Qc2 Kf7 14. e4 Nb6 15. c5 N6d7 16. Nge2 Na6 17. Bg3 Re8 18. O-O-O b6 19. Nf4 Nf8 20. exd5 exd5 21. Nxg6 Nxg6 22. Qf5+ Bf6 23. gxf6 Qxf6 24. Qxh5 bxc5 25. Be5 Rxe5 26. dxe5 Qxe5 27. Qg4 Qf4+ 28. Kb1 Qxg4 29. fxg4 c4 30. Rdf1+ Kg8 31. Ne2 Nc5 32. Nd4 Rc8 33. g5 Ne4 34. Kc2 Ne5 35. Nf5 Rb8 36. h5 Nd3 37. b3 Nb4+ 38. Kd1 c3 39. h6 gxh6 40. Ne7+ Kg7 41. gxh6+ Kh7 42. Rf7+ 1-0


[Site "https://www.chess.com"]

[Event "Titled Tuesday Blitz July 6 2021"]
[White "Viana Da Costa, Fernando"]
[Black "Obolentseva, Alexandra"]
[WhiteFideId "2111900"]
[BlackFideId "24153648"]
[WhiteElo "2247"]
[BlackElo "2113"]
[Result "1/2-1/2"]
[Round "06"]
[TimeControl "180+1"]
[Date "2021.07.06"]
[WhiteClock "0:01:12"]
[BlackClock "0:00:34"]

1. e4 c5 2. Nf3 d6 3. d4 cxd4 4. Nxd4 Nf6 5. Nc3 a6 6. Bg5 e6 7. f4 Nc6 8. Qd2 Qb6 9. O-O-O Nxd4 10. Qxd4 Qxd4 11. Rxd4 Be7 12. Be2 e5 13. Rdd1 Be6 14. Bxf6 Bxf6 15. f5 Bd7 16. Nd5 Bd8 17. Kb1 Bc6 18. Bc4 b5 19. Bb3 a5 20. a3 O-O 21. Rhe1 Re8 22. c3 Kf8 23. Rd3 Bxd5 24. Rxd5 Bc7 25. Rxb5 Reb8 26. Rxb8+ Rxb8 27. Kc2 f6 28. Bd5 Bb6 29. b4 Rc8 30. Kb3 Ke7 31. Rc1 Rb8 32. Ka4 axb4 33. axb4 Kd7 34. Rc2 Kc7 35. Ra2 Be3 36. Kb3 Bb6 37. Ra6 Bg1 38. h3 Be3 39. Rc6+ Kd7 40. Kc4 Rb6 41. Rxb6 Bxb6 42. Kb5 Kc7 43. c4 Bf2 44. c5 dxc5 45. bxc5 Be3 46. Bg8 h6 47. Bd5 Bd4 48. c6 Kd6 49. Kc4 Bg1 50. Kd3 Bb6 51. Ke2 Ke7 52. Kf3 Bc7 53. Kg4 Bb6 54. Kh5 Bc7 55. Kg6 Kf8 56. Kh7 Bb6 57. Be6 Bc7 58. Kg6 Bb6 59. Kh5 Ke7 60. Kg4 Bc7 61. Kf3 Kd6 62. Bd5 Bb6 63. Ke2 Ke7 64. Kd3 Kd6 65. Kc4 Bf2 66. Kb5 Be3 67. Ka6 Kc7 68. Kb5 Kd6 69. Kc4 Bg1 70. Kd3 Bb6 1/2-1/2


[Site "https://www.chess.com"]

[Event "Titled Tuesday Blitz July 6 2021"]
[White "Vignesh, N R"]
[Black "Orozbaev, Eldiar"]
[WhiteFideId "25012215"]
[BlackFideId "13802240"]
[WhiteElo "2401"]
[BlackElo "1911"]
[Result "1/2-1/2"]
[Round "06"]
[TimeControl "180+1"]
[Date "2021.07.06"]
[WhiteClock "0:00:12"]
[BlackClock "0:00:22"]

1. d4 Nf6 2. Nf3 c5 3. e3 cxd4 4. exd4 d5 5. Bd3 Nc6 6. c3 Bg4 7. h3 Bh5 8. O-O e6 9. Re1 Bd6 10. Nbd2 O-O 11. a4 Qc7 12. Be2 Rfe8 13. Ne5 Bxe2 14. Qxe2 Bxe5 15. dxe5 Nd7 16. Nf3 f6 17. Bf4 fxe5 18. Nxe5 Ndxe5 19. Bxe5 Nxe5 20. Qxe5 Qxe5 21. Rxe5 Kf7 22. a5 Rad8 23. Ra4 Kf6 24. Rh5 h6 25. Rf4+ Kg6 26. Re5 Rd6 27. h4 Re7 28. h5+ Kh7 29. Rd4 Rc7 30. Rb4 Kg8 31. Kh2 Kf7 32. Re3 Rdc6 33. Rf4+ Ke8 34. Rg4 Re7 35. Reg3 Rcc7 36. Rb4 Kd7 37. Rg6 Kd6 38. Rbg4 Rf7 39. Kg3 Rcd7 40. f4 Rc7 41. Rh4 Rf5 42. Rh1 Rcf7 43. Re1 R5f6 44. Rg4 Rf5 45. Rg6 R5f6 46. Rxf6 gxf6 47. Kf3 Rg7 48. g4 e5 49. Ra1 e4+ 50. Kg3 f5 51. g5 hxg5 52. h6 Rg6 53. Rh1 gxf4+ 54. Kxf4 Rg8 55. h7 Rh8 56. Kxf5 Kc5 57. Kg6 d4 58. cxd4+ Kxd4 59. Kg7 Rc8 60. h8=Q Rxh8 61. Rxh8 e3 62. Rd8+ Kc4 63. Re8 Kd3 64. Kf6 e2 65. b4 a6 66. Rd8+ Kc3 67. Rc8+ Kd3 68. Rd8+ Kc3 69. Re8 Kd2 70. Kf5 e1=Q 71. Rxe1 Kxe1 72. Ke5 Kd2 73. Kd4 Kc2 74. Kc5 Kb3 75. b5 axb5 76. Kxb5 Ka3 77. Kb6 Ka4 78. Kxb7 Kxa5 1/2-1/2


[Site "https://www.chess.com"]

[Event "Titled Tuesday Blitz July 6 2021"]
[White "Vivas Zamora, Fabian Ernesto"]
[Black "Sanchez Alvares, Kelvin Antonio"]
[WhiteFideId "3902480"]
[BlackFideId "3906680"]
[WhiteElo "1966"]
[BlackElo "2247"]
[Result "0-1"]
[Round "06"]
[TimeControl "180+1"]
[Date "2021.07.06"]
[WhiteClock "0:00:02"]
[BlackClock "0:00:05"]

1. c4 c5 2. Nf3 Nf6 3. Nc3 g6 4. d4 Bg7 5. d5 O-O 6. e4 d6 7. Bd3 Bg4 8. h3 Bxf3 9. Qxf3 Na6 10. O-O Nc7 11. Re1 Nd7 12. Qg3 a6 13. a4 Rb8 14. a5 b5 15. axb6 Rxb6 16. Bc2 e6 17. Na4 Rb4 18. Bd2 Rxc4 19. Bd3 Rd4 20. Bc3 Be5 21. Qf3 exd5 22. Bxd4 Bxd4 23. exd5 Ne5 24. Qe4 f5 25. Qe2 f4 26. Be4 f3 27. Bxf3 Nxf3+ 28. gxf3 Qg5+ 29. Kf1 Qxd5 30. Qe4 Qc4+ 31. Kg2 Qf7 32. Nb6 Kg7 33. Qe7 Bxb2 34. Rab1 Bd4 35. Nc4 Nb5 36. Qxf7+ Rxf7 37. Re6 d5 38. Nd6 Nc7 39. Nxf7 Nxe6 40. Nd6 a5 41. Rb7+ Kf6 42. f4 Nd8 0-1


[Site "https://www.chess.com"]

[Event "Titled Tuesday Blitz July 6 2021"]
[White "Vogel, Roven"]
[Black "Chernomordik, Pavel"]
[WhiteFideId "12908088"]
[BlackFideId "2804530"]
[WhiteElo "2516"]
[BlackElo "2273"]
[Result "1-0"]
[Round "06"]
[TimeControl "180+1"]
[Date "2021.07.06"]
[WhiteClock "0:01:43"]
[BlackClock "0:00:32"]

1. e4 g6 2. d4 Bg7 3. Nf3 d6 4. h3 Nf6 5. Nc3 O-O 6. Be2 a6 7. a4 b6 8. O-O Bb7 9. e5 Nfd7 10. e6 fxe6 11. Ng5 Rf6 12. Nce4 Bxe4 13. Nxe4 Rf5 14. Ng5 Nf8 15. Bg4 Rf6 16. Re1 Nbd7 17. Bxe6+ Nxe6 18. Nxe6 Qc8 19. Nxg7 Kxg7 20. Rxe7+ Kg8 21. Qe2 Nf8 22. Qc4+ Kh8 23. Bh6 Ne6 24. d5 b5 25. Qc3 1-0


[Site "https://www.chess.com"]

[Event "Titled Tuesday Blitz July 6 2021"]
[White "Volkov, Maksim"]
[Black "Tanenbaum, Zachary"]
[WhiteFideId "54123070"]
[BlackFideId "2060850"]
[WhiteElo "2113"]
[BlackElo "2165"]
[Result "0-1"]
[Round "06"]
[TimeControl "180+1"]
[Date "2021.07.06"]
[WhiteClock "0:02:27"]
[BlackClock "0:02:45"]

1. d4 d5 2. c4 dxc4 3. e3 e5 4. Bxc4 exd4 5. exd4 Bd6 6. Nf3 Nf6 7. O-O O-O 8. h3 h6 9. Nc3 Nc6 10. Re1 Bf5 11. a3 Re8 12. Rxe8+ Qxe8 13. Be3 Qd7 14. Ba2 Re8 15. Qd2 Bxh3 16. gxh3 Qxh3 17. Ne1 Bh2+ 18. Kh1 Bf4+ 19. Kg1 Rxe3 0-1


[Site "https://www.chess.com"]

[Event "Titled Tuesday Blitz July 6 2021"]
[White "Vovk, Orest"]
[Black "Hebden, Mark L"]
[WhiteFideId "14113490"]
[BlackFideId "400084"]
[WhiteElo "2203"]
[BlackElo "2457"]
[Result "1-0"]
[Round "06"]
[TimeControl "180+1"]
[Date "2021.07.06"]
[WhiteClock "0:00:04"]
[BlackClock "0:00:08"]

1. g4 d5 2. h3 e5 3. Bg2 c6 4. d4 Nd7 5. c4 dxc4 6. Nf3 exd4 7. Qxd4 Ngf6 8. O-O h5 9. g5 Nd5 10. e4 N5b6 11. g6 fxg6 12. Bg5 Qc7 13. Nh4 Qe5 14. Qxe5+ Nxe5 15. f4 Nf7 16. Nxg6 Nxg5 17. Nxh8 Bc5+ 18. Kh2 Ne6 19. Ng6 Na4 20. Nd2 Nxb2 21. f5 Nf8 22. e5 Bd4 23. Nf3 Bb6 24. Nxf8 Kxf8 25. f6 gxf6 26. exf6 Nd3 27. Ng5 Bd7 28. Nh7+ Kf7 29. Ng5+ Kg6 30. h4 Bc7+ 31. Kh1 Nf4 32. Be4+ Kxf6 33. Rad1 Bg4 34. Bf3 Kf5 35. Bxg4+ Kxg4 36. Rd7 Rc8 37. Rg7 Be5 38. Rf7 b5 39. Rg1+ Kxh4 40. Nf3+ Kh3 41. Nxe5 Re8 42. Rxf4 Rxe5 43. Rf2 Re2 44. Rxe2 h4 45. Rh2# 1-0


[Site "https://www.chess.com"]

[Event "Titled Tuesday Blitz July 6 2021"]
[White "Vykouk, Jan"]
[Black "Naroditsky, Daniel"]
[WhiteFideId "349658"]
[BlackFideId "2026961"]
[WhiteElo "2387"]
[BlackElo "2608"]
[Result "1-0"]
[Round "06"]
[TimeControl "180+1"]
[Date "2021.07.06"]
[WhiteClock "0:00:13"]
[BlackClock "0:00:05"]

1. e4 c5 2. Nf3 d6 3. d4 cxd4 4. Nxd4 Nf6 5. Nc3 a6 6. Be3 e5 7. Nb3 Be6 8. f3 Be7 9. Qd2 O-O 10. O-O-O a5 11. a4 Nc6 12. g4 Nb4 13. g5 Ne8 14. Rg1 Rc8 15. Kb1 d5 16. exd5 Bf5 17. Na1 Nd6 18. h4 Qd7 19. h5 Rxc3 20. bxc3 Na6 21. g6 Qxa4 22. gxh7+ Kh8 23. Qg2 g6 24. hxg6 fxg6 25. Bg5 Bxg5 26. Qxg5 Nb4 27. cxb4 Qxb4+ 28. Kc1 Qa3+ 29. Kd2 Qxf3 30. Bd3 e4 31. Rdf1 Qh3 32. Qe7 Qh2+ 33. Kc1 Qh6+ 34. Kb1 exd3 35. Qe5+ Qg7 36. Qxd6 dxc2+ 37. Nxc2 Bxc2+ 38. Kxc2 Rc8+ 39. Kb1 Qd4 40. Qf6+ Qxf6 41. Rxf6 Kxh7 42. Rfxg6 Rc7 43. R6g2 Kh8 44. Rh2+ 1-0


[Site "https://www.chess.com"]

[Event "Titled Tuesday Blitz July 6 2021"]
[White "Wagh Suyog"]
[Black "Kalajzic, Ivan"]
[WhiteFideId "25071688"]
[BlackFideId "14506378"]
[WhiteElo "2219"]
[BlackElo "2163"]
[Result "1-0"]
[Round "06"]
[TimeControl "180+1"]
[Date "2021.07.06"]
[WhiteClock "0:00:03"]
[BlackClock "0:00:01"]

1. e4 Nc6 2. Nf3 d6 3. h3 Nf6 4. Nc3 g6 5. d4 Bg7 6. Be2 O-O 7. O-O e5 8. d5 Ne7 9. a4 Ne8 10. a5 a6 11. Bc4 h6 12. Ne1 f5 13. Nd3 f4 14. Ne1 g5 15. Be2 Nf6 16. b4 Qe8 17. Bg4 h5 18. Bxc8 Qxc8 19. b5 g4 20. hxg4 hxg4 21. bxa6 bxa6 22. Nd3 Ng6 23. Re1 Rf7 24. Nb4 Bf8 25. Nc6 Rh7 26. Qd3 Qe8 27. Kf1 Ne7 28. Ke2 Nxc6 29. dxc6 Qxc6 30. Nd5 Nxd5 31. exd5 Qe8 32. Kd1 Qh5 33. Rb1 Re8 34. Qe4 Qf7 35. Bxf4 Bh6 36. Bg3 Bg5 37. c4 Rg7 38. Kc2 Qd7 39. Qd3 Qa4+ 40. Qb3 Qxa5 41. Qc3 Qa2+ 42. Rb2 Qa4+ 43. Qb3 Qd7 44. Qd3 Rf8 45. Ra2 Bf4 46. Bh4 Qf7 47. Rxa6 Qh5 48. g3 Bh6 49. Bg5 Qxg5 50. Re2 Qc1+ 51. Kb3 Rb8+ 52. Ka2 Qf1 53. c5 Rf8 54. cxd6 Rxf2 55. Ra8+ Kf7 56. Rxf2+ Qxf2+ 57. Kb3 Qf5 58. Qxf5# 1-0


[Site "https://www.chess.com"]

[Event "Titled Tuesday Blitz July 6 2021"]
[White "Wagner, Dennis"]
[Black "Borisova, Ekaterina"]
[WhiteFideId "24650684"]
[BlackFideId "34124184"]
[WhiteElo "2355"]
[BlackElo "2021"]
[Result "1-0"]
[Round "06"]
[TimeControl "180+1"]
[Date "2021.07.06"]
[WhiteClock "0:00:02"]
[BlackClock "0:00:42"]

1. d4 Nf6 2. c4 e6 3. g3 c5 4. Nf3 cxd4 5. Nxd4 Nc6 6. Bg2 Qb6 7. Nb3 Bb4+ 8. Bd2 d5 9. cxd5 exd5 10. O-O O-O 11. Bg5 Be7 12. Nc3 Be6 13. Bxf6 Bxf6 14. Bxd5 Bxc3 15. bxc3 Rad8 16. c4 a5 17. Rb1 a4 18. Nd2 Qd4 19. Nf3 Qf6 20. Rxb7 Na5 21. Rb4 Nxc4 22. e4 Ne5 23. Nxe5 Qxe5 24. Qxa4 Bxd5 25. exd5 Qxd5 26. Qb3 Qxb3 27. axb3 Rd2 28. Rb7 h5 29. Re1 Rd3 30. h4 Rc8 31. Ree7 Rf3 32. Kg2 Rf5 33. Re3 Rc1 34. Rf3 Rg1+ 35. Kxg1 Rxf3 36. Kf1 Rc3 37. Ke2 Rc2+ 38. Ke3 g6 39. f3 Kg7 40. b4 Rb2 41. b5 Kf6 42. Kd4 Rb3 43. b6 Rxf3 44. Rc7 Rb3 45. b7 g5 46. Kc5 gxh4 47. gxh4 Ke6 48. Rc6+ Ke5 49. Rb6 Rc3+ 50. Kb4 1-0


[Site "https://www.chess.com"]

[Event "Titled Tuesday Blitz July 6 2021"]
[White "Williams, Simon K"]
[Black "Sliwicki, Damian"]
[WhiteFideId "404454"]
[BlackFideId "1127128"]
[WhiteElo "2468"]
[BlackElo "2149"]
[Result "1-0"]
[Round "06"]
[TimeControl "180+1"]
[Date "2021.07.06"]
[WhiteClock "0:00:32"]
[BlackClock "0:00:08"]

1. b3 e5 2. Bb2 Nc6 3. e3 a6 4. g3 d5 5. Bg2 Nf6 6. Ne2 Bd6 7. d3 Bf5 8. h3 Qd7 9. Nd2 h5 10. a3 g5 11. b4 b5 12. Nc3 Be7 13. e4 dxe4 14. Ndxe4 O-O-O 15. a4 Bxb4 16. Nxf6 Qd4 17. O-O Bxc3 18. Bxc3 Qxc3 19. axb5 axb5 20. Qf3 Bd7 21. Nxd7 Kxd7 22. Qd5+ Ke7 23. Qxc6 Qd4 24. Rfe1 h4 25. Qxc7+ Kf6 26. g4 Rhe8 27. Ra6+ Kg7 28. Qb6 Qc3 29. Qh6+ Kg8 30. Qxg5+ Kf8 31. Re2 e4 32. Bxe4 1-0


[Site "https://www.chess.com"]

[Event "Titled Tuesday Blitz July 6 2021"]
[White "Yanchenko, Roman"]
[Black "Sawlin, Leonid"]
[WhiteFideId "4137329"]
[BlackFideId "4689542"]
[WhiteElo "2514"]
[BlackElo "2412"]
[Result "1-0"]
[Round "06"]
[TimeControl "180+1"]
[Date "2021.07.06"]
[WhiteClock "0:00:10"]
[BlackClock "0:00:32"]

1. d4 e6 2. c4 d5 3. Nf3 Nf6 4. Nc3 Be7 5. Bg5 O-O 6. e3 h6 7. Bh4 Ne4 8. Bxe7 Qxe7 9. Qc2 Nxc3 10. bxc3 dxc4 11. Bxc4 c5 12. O-O Nc6 13. Qe4 Rb8 14. Rab1 Bd7 15. Rfc1 Rfc8 16. h3 b6 17. Ba6 Rd8 18. Bd3 g6 19. Qf4 Kg7 20. Be4 Qf6 21. Qg3 Rbc8 22. dxc5 bxc5 23. Rb7 a6 24. Kh2 Na5 25. Ra7 Nc4 26. Rxa6 Bb5 27. Ra7 Nd2 28. Bb7 Nxf3+ 29. Bxf3 Rd2 30. c4 Bc6 31. Rb1 Bxf3 32. gxf3 Rb2 33. Rd1 Rd8 34. Rxd8 Qxd8 35. Kg2 Qf6 36. Rc7 Rxa2 37. Rxc5 Ra1 38. Rc7 Rc1 39. c5 Qa1 40. Qh2 Qc3 41. c6 Qe1 42. Qe5+ Kg8 43. Rc8+ Kh7 44. Rh8# 1-0


[Site "https://www.chess.com"]

[Event "Titled Tuesday Blitz July 6 2021"]
[White "Zhigalko, Sergei"]
[Black "Pohjala, Henri"]
[WhiteFideId "13502956"]
[BlackFideId "506478"]
[WhiteElo "2662"]
[BlackElo "2365"]
[Result "1/2-1/2"]
[Round "06"]
[TimeControl "180+1"]
[Date "2021.07.06"]
[WhiteClock "0:00:03"]
[BlackClock "0:00:19"]

1. e4 d5 2. exd5 Qxd5 3. Nc3 Qd6 4. d4 Nf6 5. Nf3 a6 6. Bd3 Bg4 7. Ne4 Nxe4 8. Bxe4 Nd7 9. O-O c6 10. c3 Nf6 11. Bd3 e6 12. h3 Bxf3 13. Qxf3 Qc7 14. Re1 Be7 15. Bf4 Qd7 16. Be5 O-O 17. a3 Ne8 18. Rad1 Bf6 19. Bc2 Rd8 20. Bf4 Nc7 21. g3 Rfe8 22. h4 Nd5 23. Bc1 b5 24. Kg2 Qc7 25. Qe4 g6 26. h5 c5 27. hxg6 hxg6 28. dxc5 Qxc5 29. Qf3 Rd7 30. Be4 Red8 31. Rh1 Bg7 32. Bg5 Ne7 33. Rxd7 Rxd7 34. Be3 Qc4 35. Bc2 Qd5 36. Bc1 Qxf3+ 37. Kxf3 Nc6 38. Rd1 Rxd1 39. Bxd1 Kf8 40. Bc2 Ke7 41. Be4 Kd7 42. Ke2 f5 43. Bg2 e5 44. Bg5 Kd6 45. Kd2 Kd7 46. Kd3 e4+ 47. Kc2 Ne5 48. Bh3 Ke6 49. Bf4 Nd3 50. Be3 Bf8 51. Bf1 Ne1+ 52. Kd1 Nf3 53. a4 bxa4 54. Bxa6 a3 55. Bc4+ Kd7 56. b4 Ne5 57. Bd5 Ng4 58. Kc2 Nxe3+ 59. fxe3 Bd6 60. g4 Bg3 61. gxf5 gxf5 62. Kb3 Bf2 63. Kxa3 Bxe3 64. Kb3 Bd2 65. Kc2 Be1 66. b5 Bf2 67. Kd2 Kd6 68. c4 Bb6 69. Bc6 Ke5 70. Bd7 f4 71. Bg4 Kd4 72. Ke2 f3+ 73. Bxf3 exf3+ 74. Kxf3 Kxc4 75. Kg4 Kxb5 1/2-1/2


[Site "https://www.chess.com"]

[Event "Titled Tuesday Blitz July 6 2021"]
[White "Zubov, Alexander"]
[Black "Rustemov, Alexander"]
[WhiteFideId "14109409"]
[BlackFideId "4119002"]
[WhiteElo "2740"]
[BlackElo "2865"]
[Result "1-0"]
[Round "06"]
[TimeControl "180+1"]
[Date "2021.07.06"]
[WhiteClock "0:00:16"]
[BlackClock "0:00:01"]

1. d4 d5 2. c4 e6 3. Nf3 Nf6 4. Nc3 Be7 5. Bg5 Nbd7 6. e3 h6 7. Bh4 O-O 8. Rc1 c5 9. dxc5 Nxc5 10. cxd5 exd5 11. Bxf6 Bxf6 12. Nxd5 b6 13. b4 Ne4 14. Nxf6+ Qxf6 15. Qd4 Qe7 16. Bd3 Bb7 17. O-O Rad8 18. Qe5 Qxb4 19. Rc4 Qd6 20. Bxe4 Qxe5 21. Nxe5 Ba6 22. Ra4 Bxf1 23. Kxf1 Rfe8 24. Nc6 Rd2 25. Bf3 a5 26. g4 Rb2 27. Kg2 g6 28. Kg3 Kg7 29. Bd5 Rc8 30. Rf4 Rc7 31. Nd4 Rd7 32. Bb3 Ra7 33. Nb5 Rd7 34. h4 Re7 35. Nd6 1-0


[Site "https://www.chess.com"]

[Event "Titled Tuesday Blitz July 6 2021"]
[White "harlem4brew"]
[Black "Zemach, Roee"]
[BlackFideId "2818531"]
[WhiteElo "2396"]
[BlackElo "2131"]
[Result "1-0"]
[Round "06"]
[TimeControl "180+1"]
[Date "2021.07.06"]
[WhiteClock "0:01:43"]
[BlackClock "0:01:52"]

1. d4 Nf6 2. Nf3 e6 3. c4 c5 4. Nc3 cxd4 5. Nxd4 Nc6 6. e4 Qc7 7. Ndb5 Qb8 8. Bd3 a6 9. Na3 Bb4 10. Nc2 Bxc3+ 11. bxc3 O-O 12. O-O d5 13. cxd5 exd5 14. exd5 Ne5 15. c4 b5 16. Rb1 Qd6 17. cxb5 Nxd3 18. Qxd3 axb5 19. Ba3 Qxd5 20. Qxd5 Nxd5 21. Bxf8 Kxf8 22. Rb2 Nc3 23. a3 Bf5 24. Ra1 Rc8 25. Nd4 Bd3 26. Rc1 Rc4 27. Rd2 Bg6 28. Kf1 Ne4 29. Rdd1 Nd2+ 30. Ke2 Rxd4 31. Rxd2 Re4+ 32. Kf1 Ra4 33. Rc7 Ke8 34. Rc3 b4 35. axb4 Rxb4 36. Re3+ Re4 37. Rxe4+ Bxe4 38. Re2 f5 39. f3 Kf7 40. fxe4 f4 41. Rf2 Kf6 42. Rxf4+ Ke5 43. g3 g5 44. Rf5+ Kxe4 45. Rxg5 Kf3 46. Rh5 Kg4 47. Rxh7 Kf3 48. Rb7 Kg4 49. Kg2 Kg5 50. Kf3 Kh5 51. Rb6 Kg5 52. h4+ Kh5 53. Rb5+ Kg6 54. g4 Kh6 55. Rb6+ Kh7 56. g5 Kg8 57. h5 Kh8 58. Rb7 Kg8 59. g6 Kf8 60. h6 Kg8 61. Rb8# 1-0


[Site "https://www.chess.com"]